 Dungeon Crawl Stone Soup version 0.28-a0-1032-ga8db75c868 (webtiles) character file.

Game seed: 15849090668795825026

452 MordorOrchid the Magician (level 6, 0/45 HPs)
             Began as a Spriggan Venom Mage on Dec 5, 2021.
             Was an Initiate of Ashenzari.
             Succumbed to a kobold brigand's poison
             ... on level 5 of the Dungeon on Dec 7, 2021.
             The game lasted 00:26:04 (2376 turns).

MordorOrchid the Magician (Spriggan Venom Mage)     Turns: 2376, Time: 00:26:04

Health: 0/45       AC: 23    Str: 10    XL:     6   Next: 75%
Magic:  16/24      EV:  4    Int: 18    God:    Ashenzari [......]
Gold:   1947       SH:  0    Dex: 16    Spells: 6/16 levels left

rFire   . . .      SeeInvis +   d - +0 dagger
rCold   . . .      Faith    .   (shield restricted)
rNeg    . . .      Spirit   .   (armour currently unavailable)
rPois   +          Reflect  .   (helmet currently unavailable)
rElec   .          Harm     .   (cloak currently unavailable)
rCorr   .          Rampage  .   (gloves unavailable)
Will    +....      NoTele   +   (boots unavailable)
Stlth   ++........              j - amulet of magic regeneration
HPRegen 0.15/turn               n - +6 ring of strength
MPRegen 0.59/turn               w - ring of magical power

@: lethally poisoned (0 -> -4), tree-form, very slightly contaminated, studying
Staves
A: stationary, stasis, torment immunity, boosted hp, very small, no large
weapons, unfitting armour, see invisible, (speed 3)
a: Renounce Religion


You were on level 5 of the Dungeon.
You worshipped Ashenzari.
Ashenzari was noncommittal.
You were a tree.
You visited 1 branch of the dungeon, and saw 5 of its levels.

You collected 2141 gold pieces.
You spent 194 gold pieces at shops.

Inventory:

Hand Weapons
 d - a +0 dagger (weapon)
 s - a +0 hunting sling
Missiles
 b - 7 datura-tipped darts
 e - 55 arrows
 f - 123 stones
 m - 26 poisoned darts (quivered)
 y - 2 boomerangs
 A - 21 sling bullets
Armour
 v - a +2 robe of willpower (melded)
Jewellery
 j - an amulet of magic regeneration (around neck)
 n - a +6 ring of strength (left branch)
 w - a ring of magical power (right branch)
Wands
 q - a wand of flame (7)
 B - a wand of mindburst (15)
Scrolls
 a - a scroll of noise {unknown}
 c - 2 scrolls of magic mapping
 i - a scroll of fog
 o - a scroll of vulnerability {unknown}
 p - a scroll of teleportation {unknown}
 x - a scroll of blinking {unknown}
Potions
 g - a potion of attraction {unknown}
 h - a potion of magic {unknown}
 k - a potion of haste {unknown}
 l - 2 potions of mutation {unknown}
 r - a potion of brilliance
 t - a potion of lignification
 u - a potion of curing {unknown}
 z - a potion of invisibility {unknown}


   Skills:
 * Level 1.7 Fighting
 * Level 2.1 Short Blades
 * Level 4.1 Dodging
 - Level 3.0 Stealth
 * Level 5.7 Spellcasting
 * Level 3.2 Transmutations
 + Level 4.2 Poison Magic


You had 6 spell levels left.
You knew the following spells:

 Your Spells              Type           Power      Damage    Failure   Level
a - Sting                 Tmut/Pois      72%        1d6       2%          1
b - Olgreb's Toxic Radia  Pois           20%        N/A       22%         4
g - Mephitic Cloud        Conj/Pois/Air  10%        N/A       21%         3
p - Poisonous Vapours     Pois/Air       24%        N/A       8%          2

Your spell library contained the following spells:

 Spells                   Type           Power      Damage    Failure   Level
 Wereblood                Tmut           16%        N/A       4%          2
 Freeze                   Ice            20%        1d4       12%         1
 Sublimation of Blood     Necr           5%         N/A       19%         2
 Frozen Ramparts          Ice            10%        1d3       36%         3
 Hailstorm                Conj/Ice       5%         3d4       77%         4
 Summon Hydra             Summ           2%         N/A       100%        7


Dungeon Overview and Level Annotations

Branches:
Dungeon (5/15)
 Temple: D:4-7

Altars:
Ashenzari
Dithmenos
Kikubaaqudgha
Okawaru
Zin
Beogh

Shops:
D:4 [


Innate Abilities, Weirdness & Mutations

You are a tree.
Your roots penetrate the ground, keeping you stationary.
You cannot be teleported.
You are immune to unholy pain and torment.
Your maximum health is greatly increased.
Your equipment is partially melded.
You are very small and have problems with some larger weapons.
You are too small for most types of armour.
You have supernaturally acute eyesight. (SInv)
((You cover ground extremely quickly. (Speed+++)))


Message History

Confirm with . or Enter, or press ? or * to list all spells.
The spell is extremely dangerous to miscast (22% risk of failure)!
Continue anyway?
You miscast Olgreb's Toxic Radiance.
You are very lightly contaminated with residual magic.
Nothing appears to happen.
* * * LOW HITPOINT WARNING * * *
You feel sick.
Unknown command.
Unknown command.
Casting: Olgreb's Toxic Radiance (extremely dangerous; 22% risk of failure)
Confirm with . or Enter, or press ? or * to list all spells.
The spell is extremely dangerous to miscast (22% risk of failure)!
Continue anyway?
You begin to radiate toxic energy.
The kobold is poisoned. x3
You kill the kobold!
The kobold looks even sicker.
You kill the kobold!
* * * LOW HITPOINT WARNING * * *
You feel sick.
You kill the kobold!
The kobold brigand hits you with a +0 club.
* * * LOW HITPOINT WARNING * * *
The kobold brigand looks even sicker.
* * * LOW HITPOINT WARNING * * *
You feel sick.
Really quaff the potion of lignification?
You turn into a tree.
Your +2 robe of willpower melds into your body.
You feel less strong-willed.
Your roots penetrate the ground.
Your toxic aura wanes.
* * * LOW HITPOINT WARNING * * *
You feel sick.
Unknown command.
Casting: Olgreb's Toxic Radiance (quite dangerous; 22% risk of failure)
Confirm with . or Enter, or press ? or * to list all spells.
Aiming: Sting (safe; 2% risk of failure)
Press: ? - help, Shift-Dir - straight line, f/p - kobold brigand
Aim: a kobold brigand, wielding a +0 club and quivering poisoned darts (moderately wounded, very poisoned, 67% to hit)
The sting hits the kobold brigand.
The kobold brigand looks even sicker.
The kobold brigand is heavily wounded.
You die...

.# ### .### #
#.# )..
####.##.######
..#
.............#
).#
.####.##.####.##
)(# #.## #.#
#..)##..# ...
#.# #...♣K..#
#.# #.#
#...###.# #.##
#.# ##### # ...#
#.# #..# #.#
#..# #.# ...#
#.# ##.## #.#
#...# #.#


You could see a kobold brigand (very poisoned).

Vanquished Creatures
  Menkaure (D:4)
  An orc priest (D:4)
  Ijyb (D:4)
  A gnoll shaman (D:5)
  2 iguanas (D:5)
  An orc wizard (D:2)
  3 gnolls (D:5)
  3 adders
  An ufetubus (D:5)
  A worm (D:5)
  An adder skeleton (D:4)
  A dart slug (D:1)
  17 orcs
  2 bats (D:1)
  3 endoplasms
  5 hobgoblins
  3 jackals (D:1)
  A quokka (D:3)
  4 ball pythons
  4 goblins
  11 kobolds
  4 rats
71 creatures vanquished.

Vanquished Creatures (others)
  An orc wizard (D:3)
  A plant (D:3)
2 creatures vanquished.

Grand Total: 73 creatures vanquished

Notes
Turn   | Place    | Note
-------+----------+-------------------------------------------
     0 | D:1      | MordorOrchid the Spriggan Venom Mage began the quest for
                  | the Orb.
     0 | D:1      | Reached XP level 1. HP: 9/9 MP: 5/5
   107 | D:1      | Found a faded altar of an unknown god.
   122 | D:1      | Reached XP level 2. HP: 13/13 MP: 0/6
   125 | D:1      | Learned a level 2 spell: Poisonous Vapours
   151 | D:1      | Reached skill level 3 in Spellcasting
   493 | D:1      | You fall into a shaft and drop 1 floor!
   493 | D:2      | Found an iron altar of Okawaru.
   626 | D:2      | Reached XP level 3. HP: 17/17 MP: 8/8
   630 | D:2      | Learned a level 3 spell: Mephitic Cloud
   899 | D:3      | Reached XP level 4. HP: 16/21 MP: 7/10
  1025 | D:3      | Identified 2 scrolls of acquirement
  1025 | D:3      | Acquired 921 gold pieces
  1031 | D:3      | Acquired 951 gold pieces
  1149 | D:3      | Found a glowing silver altar of Zin.
  1293 | D:3      | Found a shadowy altar of Dithmenos.
  1381 | D:3      | Reached skill level 1 in Fighting
  1381 | D:3      | Reached skill level 1 in Short Blades
  1432 | D:3      | Reached skill level 4 in Spellcasting
  1578 | D:4      | Noticed Ijyb
  1615 | D:4      | Killed Ijyb
  1616 | D:4      | Reached XP level 5. HP: 13/25 MP: 8/12
  1657 | D:4      | Learned a level 4 spell: Olgreb's Toxic Radiance
  1662 | D:4      | Found Watzevuph's Armour Shoppe.
  1677 | D:4      | Bought a +2 robe of willpower for 194 gold pieces
  1728 | D:4      | Noticed Menkaure
  1779 | D:4      | Killed Menkaure
  1780 | D:4      | Reached skill level 5 in Spellcasting
  1780 | D:4      | Reached XP level 6. HP: 27/30 MP: 12/14
  2027 | D:4      | Found an ancient bone altar of Kikubaaqudgha.
  2027 | D:4      | Found a broken altar of Ashenzari.
  2049 | D:4      | Upgraded the game from 0.28-a0-991-g956f0ee3d5 to
                  | 0.28-a0-1032-ga8db75c868
  2050 | D:4      | Became a worshipper of Ashenzari the Shackled
  2094 | D:5      | Entered Level 5 of the Dungeon
  2374 | D:5      | HP: 1/30 [poisoned by a kobold brigand]
  2376 | D:5      | Succumbed to a kobold brigand's poison

Illustrated notes

Levels and vault maps discovered:
D:1:      psy_arrival_statuary, layout_basic,
          hellmonk_ecumenical_altar_arch_garden
D:2:      layout_loops_ring, basic_altar, nicolae_concentric_dashed_squares_mild
D:3:      layout_basic, mainiacjoe_overflow_concentric_impassable,
          nicolae_dithmenos_the_darkroom, chequers_big_river
D:4:      layout_rooms, gammafunk_temple_overflow_pools, serial_shops, shop,
          kennysheep_orc_chapel, uniq_ijyb, uniq_menkaure
D:5:      layout_loops_ring, pdpol_wu_jian_five_deadly_venoms,
          nicolae_tso_swordbearing_angel, minmay_misc_feat_rows

Skill      XL: |  1  2  3  4  5  6 |
---------------+-------------------+-----
Spellcasting   | 3 4 5 |  5.7
Dodging        | 3 4 |  4.1
Transmutations | 2 3 |  3.2
Fighting       | 1 |  1.7
Short Blades   | 1 2 |  2.1
Poison Magic   | 4 |  4.2
Stealth        | |  3.0

Action                   |  1- 3 |  4- 6 || total
-------------------------+-------+-------++-------
Melee: Dagger            |    22 |    64 ||    86
Throw: Stone             |     1 |       ||     1
       Dart              |       |     8 ||     8
 Cast: Sting             |    37 |    33 ||    70
       Poisonous Vapours |    11 |    41 ||    52
       Mephitic Cloud    |     1 |     6 ||     7
       Olgreb's Toxic Ra |       |     1 ||     1
Evoke: Wand              |       |     7 ||     7
  Use: Scroll            |     2 |     5 ||     7
       Potion            |       |     1 ||     1
 Stab: Sleeping          |     5 |     3 ||     8
       Confused          |     1 |     1 ||     2
Armor: Robe              |       |     6 ||     6
Dodge: Dodged            |    12 |    74 ||    86

Table legend: (Time is in decaauts)
 A = Elapsed time spent in this place.
 B = Non-inter-level travel time spent in this place.
 C = Inter-level travel time spent in this place.
 D = Time resting spent in this place.
 E = Time spent auto-exploring this place.
 F = Levels seen in this place.
 G = Mean time per level.
                   A        B        C        D        E       F      G
               +--------+--------+--------+--------+--------+-----+--------+
         Total |   1583 |   1510 |     73 |      7 |      0 |   5 |  316.6 |
       Dungeon |   1583 |   1510 |     73 |      7 |      0 |   5 |  316.6 |
               +--------+--------+--------+--------+--------+-----+--------+

Top non-repeatable levels by time:
     D:3: 475 daAuts
     D:4: 381 daAuts
     D:1: 276 daAuts
     D:2: 255 daAuts
     D:5: 194 daAuts
